 Dungeon Crawl Stone Soup version 0.20-a0-1000-g0e8f6bb (webtiles) character file.

622 Ordine the Sneak (level 7, 0/41 HPs)
             Began as an Octopode Wizard on Apr 12, 2017.
             Slain by an orc wizard
             ... wielding a +0 dagger
              (3 damage)
             ... on level 4 of the Dungeon.
             The game lasted 00:15:26 (5295 turns).

Ordine the Sneak (Octopode Wizard)                  Turns: 5295, Time: 00:15:26

Health: 0/41       AC:  1    Str:  6    XL:     7   Next: 46%
Magic:  1/14       EV: 13    Int: 22    God:
Gold:   227        SH:  0    Dex: 11    Spells: 13/16 levels left

rFire    . . .     SeeInvis .     - Unarmed
rCold    . . .     Gourm    .   (no shield)
rNeg     . . .     Faith    .   a - +0 hat
rPois    .         Spirit   .   (no amulet)
rElec    .         Reflect  .   (no ring)
rCorr    .         Harm     .   (no ring)
MR       .....                  (no ring)
Stlth    ++++......             (no ring)
Regen    0.2/turn               (no ring)
MPRegen  0.2/turn               (no ring)
                                (no ring)
                                (no ring)

@: hasted, very quick
A: almost no armour, stealthy swim, amphibious, 8 rings, constrict 8, camouflage
1, gelatinous body 1
a: no special abilities


You were on level 4 of the Dungeon.
You were not hungry.

You visited 1 branch of the dungeon, and saw 4 of its levels.

You collected 227 gold pieces.

Inventory:

Armour
 a - a +0 hat (worn)
Scrolls
 d - a scroll of remove curse
 i - a scroll of magic mapping
Potions
 f - a potion of flight
 h - a potion of ambrosia
 j - a potion of brilliance
Books
 b - a book of Minor Magic

   Spells                             Type                      Level
   a - Magic Dart                     Conjuration                  1
   b - Blink                          Translocation                2
   c - Call Imp                       Summoning                    2
   d - Slow                           Hexes                        2
   e - Conjure Flame                  Conjuration/Fire             3
   f - Mephitic Cloud                 Conjuration/Poison/Air       3
Comestibles
 c - 2 bread rations
 g - 3 chunks of flesh
 n - a royal jelly


   Skills:
 - Level 2.0 Dodging
 + Level 5.5 Stealth
 + Level 2.8 Unarmed Combat
 * Level 5.1 Spellcasting
 + Level 3.1 Conjurations
   Level 1.0 Summonings
 + Level 2.9 Translocations


You had 13 spell levels left.
You knew the following spells:

 Your Spells              Type           Power        Failure   Level  Hunger
a - Magic Dart            Conj           ###.         3%          1    None
b - Blink                 Tloc           N/A          6%          2    None


Dungeon Overview and Level Annotations

Branches:
Dungeon (4/15)
 Temple: D:4-7

Altars:
Dithmenos
Elyvilon
Hepliaklqana
Nemelex Xobeh
Okawaru
Sif Muna
Trog
Zin


Innate Abilities, Weirdness & Mutations

You cannot wear most types of armour.
You are very stealthy in the water. (Stealth+)
You are amphibious.
You can wear up to eight rings at the same time.
You can use your tentacles to constrict eight enemies at once.
Your skin changes colour to match your surroundings (Stealth+).
Your rubbery body absorbs attacks. (AC +1, EV +1)


Message History

Unknown command.
You barely miss something. You squeeze something.
You hear some strange, mumbled words.
A magic dart appears from out of thin air!
The magic dart hits you!
You miss something. Something hits you.
You feel yourself speed up.
You hear some strange, mumbled words.
A magic dart appears from out of thin air!
The magic dart hits you!
* * * LOW HITPOINT WARNING * * *
You miss something. Something hits you but does no damage.
You closely miss something. Your squeeze misses something. You miss something.
Something hits you.
* * * LOW HITPOINT WARNING * * *
Casting: Magic Dart
Confirm with . or Enter, or press ? or * to list all spells.
Okay, then.
Something hits you.
You die...

#......................#####.####
#.....#.#######........#####.# #
##+####.#######..####.....##.#
#.####.##.......####.....##.#
#.......'.......#..o..o.....#
######.##.....#.#[....##....#
#=#####...K'...........# #.#
#.##{#.....##...## #.#
#.##@#.....###### #.#
#.####.....# #####'## #.# #####.#
#......####.# #.#####
###...........# #.....#
............### #....g#
#######.....# #.....######
#.....# #.....g...g. #.....#
############


You could see a kobold.

Vanquished Creatures
  Sigmund (D:2)
  2 big kobolds (D:4)
  2 orc priests (D:4)
  2 orc wizards (D:4)
  A worker ant (D:4)
  7 adders
  2 oozes (D:4)
  3 worms
  3 dart slugs
  3 leopard geckos
  10 orcs
  2 ball pythons
  5 giant cockroaches
  10 goblins
  8 hobgoblins
  23 kobolds
  A quokka (D:3)
  7 bats
  3 frilled lizards
  6 rats
101 creatures vanquished.

Notes
Turn   | Place    | Note
-------+----------+-------------------------------------------
     0 | D:1      | Ordine the Octopode Wizard began the quest for the Orb.
     0 | D:1      | Reached XP level 1. HP: 11/11 MP: 4/4
   308 | D:1      | Reached XP level 2. HP: 17/17 MP: 3/6
   997 | D:1      | Learned a level 2 spell: Blink
  1026 | D:1      | Reached XP level 3. HP: 19/21 MP: 1/7
  1655 | D:2      | Reached skill level 1 in Unarmed Combat
  1655 | D:2      | Reached XP level 4. HP: 21/27 MP: 4/9
  1807 | D:2      | Found a hazy altar of Hepliaklqana.
  1814 | D:2      | Found an iron altar of Okawaru.
  2240 | D:2      | Found a white marble altar of Elyvilon.
  2240 | D:2      | Found a sparkling altar of Nemelex Xobeh.
  2241 | D:2      | Found a deep blue altar of Sif Muna.
  2452 | D:2      | Found a shadowy altar of Dithmenos.
  2503 | D:2      | Found a bloodstained altar of Trog.
  2503 | D:2      | Noticed Sigmund
  2520 | D:2      | Killed Sigmund
  2520 | D:2      | Reached XP level 5. HP: 30/31 MP: 9/11
  2520 | D:2      | Reached XP level 6. HP: 34/36 MP: 9/12
  2738 | D:3      | Found a glowing silver altar of Zin.
  4430 | D:4      | Reached XP level 7. HP: 37/41 MP: 4/14
  4557 | D:4      | Reached skill level 5 in Stealth
  4700 | D:4      | Reached skill level 5 in Spellcasting
  5295 | D:4      | Slain by an orc wizard

Vault maps used:
D:1:      roderic_dead_forest, minmay_door_square, minmay_pentomino_p2
D:2:      lightli_temple_of_fire, grunt_dithmenos_smoke,
          gammafunk_temple_overflow_claw, amethyst_overflow_temple_binary,
          uniq_sigmund
D:3:      nicolae_overflow_crystal_walls
D:4:      minmay_goblin_kobold_castle

Skill      XL: |  1  2  3  4  5  6  7 |
---------------+----------------------+-----
Stealth        | 3 4 5 |  5.5
Unarmed Combat | 1 2 |  2.8
Spellcasting   | 4 5 |  5.1
Conjurations   | 2 3 |  3.1
Translocations | 2 |  2.9
Dodging        | |  2.0
Summonings     | |  1.0

Action                   |  1- 3 |  4- 6 |  7- 9 || total
-------------------------+-------+-------+-------++-------
Melee: Unarmed           |     7 |    35 |    14 ||    56
       Constrict         |     9 |     9 |     5 ||    23
       Tentacles         |     6 |     8 |     1 ||    15
       Dagger            |    20 |       |       ||    20
 Cast: Magic Dart        |    75 |   147 |    70 ||   292
  Use: Potion            |       |     4 |     4 ||     8
       Scroll            |       |    13 |     1 ||    14
  Eat: Chunk             |     2 |     8 |     3 ||    13
Armor: Skin              |     1 |     2 |     4 ||     7
Dodge: Dodged            |    28 |    39 |    34 ||   101
